 Dungeon Crawl Stone Soup version 0.31-a0-702-gf82c85558f (webtiles) character file.

Game seed: 2433201525960606525

4455 pokeman the Thaumaturge (level 10, -2/58 HPs)
             Began as a Deep Elf Hedge Wizard on Sept 8, 2023.
             Slain by an orange demon (6 damage)
             ... led by Amaemon
             ... on level 8 of the Dungeon.
             The game lasted 00:18:23 (8805 turns).

pokeman the Thaumaturge (Deep Elf Hedge Wizard)     Turns: 8805, Time: 00:18:24

Health: -2/58      AC:  9    Str:  7    XL:     10   Next: 15%
Magic:  2/28       EV: 13    Int: 24    God:
Gold:   513        SH:  5    Dex: 14    Spells: 23/34 levels left

rFire   + + .        x - +1 dagger (venom)
rCold   . . .        (no shield)
rNeg    . . .        J - +2 robe {rF+}
rPois   .            c - +0 hat
rElec   .            (no cloak)
rCorr   .            (no gloves)
SInv    .            a - +0 pair of boots
Will    +....        K - amulet of reflection
Stlth   +++          f - ring of protection from fire
HPRegen 0.29/turn    n - +4 ring of protection
MPRegen 0.21/turn

%: reflection
@: very slightly contaminated, slowed, very slow
A: no striking features
a: no special abilities


You were on level 8 of the Dungeon.
You visited 2 branches of the dungeon, and saw 9 of its levels.

You collected 513 gold pieces.

Inventory:

Hand Weapons
 x - a +1 dagger of venom (weapon)
 R - the +3 spear of Premature Burial {antimagic, rElec rPois Str+4 Stlth+}
   (You found it on level 8 of the Dungeon)

   Str+4:     It affects your strength (+4).
   rElec:     It insulates you from electricity.
   rPois:     It protects you from poison Stlth+: It makes you more stealthy.
Missiles
 P - 2 throwing nets
Armour
 a - a +0 pair of boots (worn)
 c - a +0 hat (worn)
 J - a +2 robe of fire resistance (worn)
 Q - a +0 buckler
Magical Staves
 p - a staff of poison
 F - a staff of death
Jewellery
 f - a ring of protection from fire (left hand)
 n - a +4 ring of protection (right hand)
 q - a ring of wizardry
 z - a ring of resist corrosion
 B - a ring of wizardry
 E - the ring of Opitaa {rElec SInv}
   (You found it on level 5 of the Dungeon)

   [ring of see invisible]

   rElec:     It insulates you from electricity.
   SInv:      It lets you see invisible.
 K - an amulet of reflection (around neck)
Wands
 C - a wand of light (10)
 G - a wand of flame (6)
 M - a wand of charming (5)
Scrolls
 b - a scroll of revelation {unknown}
 g - a scroll of vulnerability {unknown}
 i - 3 scrolls of blinking {unknown}
 j - a scroll of poison {unknown}
 l - 8 scrolls of identify {unknown}
 r - 2 scrolls of brand weapon {unknown}
 s - 2 scrolls of amnesia {unknown}
 t - 3 scrolls of teleportation {unknown}
 u - a scroll of enchant weapon {unknown}
 y - 2 scrolls of enchant armour {unknown}
 H - 3 scrolls of immolation {unknown}
 I - a scroll of silence {unknown}
Potions
 d - 2 potions of magic
 e - 2 potions of brilliance {unknown}
 h - 2 potions of heal wounds {unknown}
 k - 2 potions of curing
 m - a potion of lignification {unknown}
 o - 2 potions of resistance {unknown}
 v - 3 potions of mutation {unknown}
 w - 2 potions of might {unknown}
 A - 3 potions of enlightenment {unknown}
 D - a potion of degeneration {unknown}
 L - a potion of cancellation {unknown}
 N - a potion of invisibility {unknown}
 O - a potion of ambrosia {unknown}


   Skills:
 - Level 4.3 Fighting
 - Level 1.0 Armour
 - Level 3.0 Dodging
 - Level 4.0 Stealth
 + Level 1.1 Shields
 * Level 12.6 Spellcasting
 + Level 7.1 Conjurations
 - Level 1.1 Summonings
 - Level 3.0 Necromancy
 - Level 1.1 Translocations
 - Level 1.2 Air Magic
 + Level 6.0 Earth Magic
 - Level 1.3 Poison Magic
 - Level 2.1 Evocations


You had 23 spell levels left.
You knew the following spells:

 Your Spells              Type           Power      Damage    Failure   Level
a - Magic Dart            Conj           100%       1d8       1%          1
b - Mephitic Cloud        Conj/Pois/Air  30%        N/A       3%          3
c - Call Imp              Summ           40%        N/A       3%          2
d - Blink                 Tloc           40%        N/A       3%          2
e - Stone Arrow           Conj/Erth      92%        3d12      1%          3

Your spell library contained the following spells:

 Spells                   Type           Power      Damage    Failure   Level
 Sandblast                Erth           88%        2d18      1%          1
 Momentum Strike          Conj/Tloc      68%        3d9       1%          2
 Passwall                 Tmut/Erth      24%        N/A       1%          2
 Cigotuvi's Dreadful Rot  Necr/Pois/Air  48%        N/A       2%          2
 Hailstorm                Conj/Ice       32%        3d8       2%          3
 Lesser Beckoning         Tloc           40%        N/A       3%          2
 Slow                     Hex            60%        N/A       4%          1
 Call Canine Familiar     Summ           20%        N/A       8%          3
 Sigil of Binding         Hex            15%        N/A       12%         3
 Leda's Liquefaction      Hex/Erth       14%        N/A       12%         4
 Dimensional Bullseye     Hex/Tloc       8%         N/A       32%         4
 Summon Ice Beast         Ice/Summ       17%        N/A       32%         4
 Simulacrum               Ice/Necr       11%        N/A       97%         6


Dungeon Overview and Level Annotations

Branches:
Dungeon (8/15)             Temple (1/1) D:5
   Lair: D:8-11

Altars:
Ashenzari
Elyvilon
Fedhas
Gozag
Kikubaaqudgha
Makhleb
Nemelex Xobeh
Qazlal
Trog
Uskayaw
Xom
Yredelemnul
Zin
The Shining One

Shops:
D:1 *


Message History

You miscast Stone Arrow.
You are very lightly contaminated with residual magic.
Nothing appears to happen.
You feel sick. The orange demon stings you from afar.
Amaemon hits you with a -2 demon whip of venom!
You are more poisoned.
You block Amaemon's attack. x2
Casting: Stone Arrow (safe; 1% risk of failure)
Confirm with . or Enter, or press ? or * to list all spells.
Aiming: Stone Arrow (safe; 1% risk of failure)
Press: ? - help, Shift-Dir - straight line, f/p - Amaemon
Aim: Amaemon, wielding a -2 demon whip of venom (almost dead, 70% to hit)
The stone arrow misses Amaemon.
The stone arrow hits the orange demon!
The orange demon is almost dead.
You feel very sick.
Amaemon's eyes glow red.
Amaemon casts a spell at the orange demon.
The orange demon seems to grow toxic.
The orange demon stings you from afar!
You are lethally poisoned!
You have difficulty breathing.
* * * LOW HITPOINT WARNING * * *
You feel yourself slow down.
Casting: Stone Arrow (safe; 1% risk of failure)
Confirm with . or Enter, or press ? or * to list all spells.
Aiming: Stone Arrow (safe; 1% risk of failure)
Press: ? - help, Shift-Dir - straight line, f/p - Amaemon
Aim: Amaemon, wielding a -2 demon whip of venom (almost dead, 70% to hit)
The stone arrow hits Amaemon!
You kill Amaemon!
* * * LOW HITPOINT WARNING * * *
You feel extremely sick.
The orange demon stings you but does no damage.
Your Shields skill increases to level 1!
Your Conjurations skill increases to level 7!
Your Earth Magic skill increases to level 6!
It was a potion of curing.
You feel better. The orange demon stings you from afar!
* * * LOW HITPOINT WARNING * * *
The orange demon stings you from afar.
You die...

.# #.# .#.... #.. ......
#.# #.... ##. #.# #...
#....###### #.# ##..
.....4)@..####.######.#.
#..#.####...............
#####.......#.#.
###.#####.....
.#.######.#.# #####.
.........#..# #.
.######.###.# #. ####.##
##.########. #...##
##.......†.


You could see an orange demon (curare).

Vanquished Creatures
  Amaemon (D:8)
  Prince Ribbit (D:5)
  Sigmund (D:6)
  A human (D:4)
  A wraith (D:6)
  The ghost of Pokonic1 the Trooper, an amateur DsFi (D:3)
  A vampire mosquito (D:5)
  An acid dragon (D:8)
  Duvessa (D:7)
  2 water moccasins (D:6)
  A black bear (D:5)
  An ice beast (D:6)
  A sky beast (D:7)
  A gnoll sergeant (D:7)
  4 bullfrogs
  10 scorpions
  6 wights (D:7)
  Dowan (D:7)
  A jelly (D:5)
  2 killer bees (D:5)
  3 howler monkeys (D:7)
  4 orc priests
  5 hounds
  3 sleepcaps
  6 iguanas
  4 orc wizards
  4 gnolls (D:7)
  4 adders
  A shadow imp (D:6)
  3 white imps
  An ufetubus (D:4)
  3 worms (D:2)
  2 dart slugs
  18 orcs
  9 endoplasms
  6 giant cockroaches
  5 goblins
  7 hobgoblins
  4 jackals (D:5)
  7 kobolds
  3 quokkas
  8 ball pythons
  5 bats
  4 frilled lizards
  A kobold skeleton (D:4)
  2 kobold zombies (D:4)
  5 rats
  A butterfly (D:5)
167 creatures vanquished.

Notes
Turn   | Place    | Note
-------+----------+-------------------------------------------
     0 | D:1      | pokeman the Deep Elf Hedge Wizard began the quest for the
                  | Orb.
     0 | D:1      | Reached XP level 1. HP: 10/10 MP: 7/7
   295 | D:1      | Reached XP level 2. HP: 15/15 MP: 3/9
   434 | D:1      | Found Qaunkoass's Assorted Antiques.
   768 | D:1      | Reached skill level 5 in Spellcasting
  1242 | D:2      | Reached XP level 3. HP: 20/20 MP: 8/11
  1247 | D:2      | Learned a level 3 spell: Mephitic Cloud
  1250 | D:2      | Learned a level 2 spell: Call Imp
  1253 | D:2      | Learned a level 2 spell: Blink
  1547 | D:2      | Reached skill level 1 in Fighting
  1988 | D:2      | Reached skill level 1 in Armour
  2619 | D:3      | Reached XP level 4. HP: 25/25 MP: 8/13
  2725 | D:3      | Found a runed translucent door.
  2725 | D:3      | Noticed Pokonic1's ghost (amateur DsFi)
  3078 | D:3      | Found a burning altar of Makhleb.
  3556 | D:4      | Found a runed translucent door.
  3556 | D:4      | Noticed a human
  3582 | D:4      | Found a basalt altar of Yredelemnul.
  3757 | D:4      | Killed a human
  3758 | D:4      | Reached skill level 6 in Spellcasting
  3758 | D:4      | Reached skill level 1 in Evocations
  3758 | D:4      | Reached XP level 5. HP: 20/29 MP: 4/16
  4052 | D:4      | Found a broken altar of Ashenzari.
  4173 | D:4      | Reached XP level 6. HP: 34/34 MP: 13/17
  4209 | D:4      | Learned a level 3 spell: Stone Arrow
  4575 | D:5      | Entered Level 5 of the Dungeon
  4931 | D:5      | Found a blossoming altar of Fedhas.
  4966 | D:5      | Reached skill level 7 in Spellcasting
  5037 | D:5      | Noticed Prince Ribbit
  5047 | D:5      | Killed Prince Ribbit
  5048 | D:5      | Reached skill level 1 in Air Magic
  5048 | D:5      | Reached skill level 1 in Earth Magic
  5048 | D:5      | Reached skill level 1 in Poison Magic
  5048 | D:5      | Reached XP level 7. HP: 38/38 MP: 8/20
  5190 | D:5      | Found a staircase to the Ecumenical Temple.
  5218 | Temple   | Entered the Ecumenical Temple
  5425 | D:5      | Reached skill level 8 in Spellcasting
  5608 | D:5      | Found an ancient bone altar of Kikubaaqudgha.
  5654 | D:5      | Found a runed translucent door.
  5655 | D:5      | Identified the ring of Opitaa {rElec SInv}
  5657 | D:5      | Noticed a vampire mosquito
  5682 | D:5      | Found a runed translucent door.
  5696 | D:5      | Reached skill level 1 in Necromancy
  5696 | D:5      | Reached XP level 8. HP: 43/44 MP: 14/22
  5704 | D:5      | Reached skill level 9 in Spellcasting
  5759 | D:5      | Reached skill level 5 in Conjurations
  6186 | D:3      | Killed Pokonic1's ghost
  6359 | D:6      | Reached skill level 10 in Spellcasting
  6597 | D:6      | Reached XP level 9. HP: 50/50 MP: 21/25
  6914 | D:6      | Noticed Sigmund
  6920 | D:6      | Killed Sigmund
  7136 | D:6      | Reached skill level 11 in Spellcasting
  7625 | D:7      | Reached skill level 5 in Earth Magic
  8120 | D:7      | Noticed Duvessa
  8120 | D:7      | Noticed Dowan
  8130 | D:7      | Killed Duvessa
  8131 | D:7      | Reached skill level 12 in Spellcasting
  8131 | D:7      | Killed Dowan
  8701 | D:8      | Identified the +3 spear of Premature Burial {antimagic,
                  | rElec rPois Str+4 Stlth+}
  8714 | D:8      | Reached XP level 10. HP: 58/58 MP: 18/28
  8793 | D:8      | Noticed Amaemon
  8794 | D:8      | Noticed an orange demon
  8804 | D:8      | Killed Amaemon
  8804 | D:8      | HP: 1/58 [poisoned by orange demon (concentrated venom)]
  8805 | D:8      | Reached skill level 1 in Shields
  8805 | D:8      | Slain by an orange demon

Illustrated notes

Levels and vault maps discovered:
D:1:      minmay_arrival_checkered_box, layout_basic, serial_shops,
          nicolae_shop_crystal, minmay_misc_feat_enclosed, st_stairs_4,
          supply_closet_lemuel
D:2:      layout_loops_ring
D:3:      layout_loops_ring, mainiacjoe_overflow_small_starburst,
          hellmonk_ghost_happy_afterlife, kennysheep_donut
D:4:      layout_basic, old_standard_altar, dk_yredelemnul_ordeal
D:5:      lemuel_insect_pit, layout_basic, mainiacjoe_overflow_paths,
          kiku_gazebo_pond_becter, minmay_temple_entry_glass,
          columned_hall_lemuel, uniq_prince_ribbit1
D:6:      layout_basic, kennysheep_nondescript, uniq_sigmund
D:7:      layout_loops_ring, uniq_duvessa
D:8:      layout_loops_ring, mainiacjoe_overflow_24_doors,
          kennysheep_orc_sif_temple, lemuel_coloured_pillars_altar,
          mainiacjoe_overflow_surrounded_room, uniq_amaemon, uniq_jeremiah
Temple:   nicolae_temple_cloud_nine

Skill      XL: |  1  2  3  4  5  6  7  8  9 10 |
---------------+-------------------------------+-----
Spellcasting   | 5 6 7 8 10 12 | 12.6
Fighting       | 1 2 3 4 |  4.3
Conjurations   | 2 3 4 5 6 7 |  7.1
Armour         | 1 |  1.0
Dodging        | 3 |  3.0
Stealth        | 3 4 |  4.0
Evocations     | 1 2 |  2.1
Air Magic      | 1 |  1.2
Earth Magic    | 1 2 4 5 6 |  6.0
Poison Magic   | 1 |  1.3
Necromancy     | 1 3 |  3.0
Shields        | 1 |  1.1
Summonings     | |  1.1
Translocations | |  1.1

Action                     |  1- 3 |  4- 6 |  7- 9 | 10-12 || total
---------------------------+-------+-------+-------+-------++-------
  Melee: Dagger            |    31 |    23 |    76 |       ||   130
         Punch             |     1 |     1 |     1 |       ||     3
   Cast: Magic Dart        |   130 |    90 |    37 |     1 ||   258
         Mephitic Cloud    |     3 |     8 |     9 |       ||    20
         Blink             |       |     1 |       |       ||     1
         Stone Arrow       |       |     3 |    88 |     8 ||    99
    Use: Potion            |       |       |       |     1 ||     1
   Stab: Confused          |     4 |     2 |     5 |       ||    11
 Armour: Robe              |    27 |    25 |    50 |    10 ||   112
  Dodge: Dodged            |    27 |    28 |    41 |     3 ||    99
  Block: Other             |       |       |     7 |     6 ||    13
         Reflection        |       |       |     1 |       ||     1

Table legend: (Time is in decaauts)
 A = Elapsed time spent in this place.
 B = Non-inter-level travel time spent in this place.
 C = Inter-level travel time spent in this place.
 D = Time resting spent in this place.
 E = Time spent auto-exploring this place.
 F = Levels seen in this place.
 G = Mean time per level.
                   A        B        C        D        E       F      G
               +--------+--------+--------+--------+--------+-----+--------+
         Total |   8814 |   8405 |    409 |    140 |   7107 |   9 |  979.3 |
       Dungeon |   8812 |   8403 |    409 |    140 |   7107 |   8 | 1101.5 |
        Temple |      1 |      1 |      0 |      0 |      0 |   1 |    1.0 |
               +--------+--------+--------+--------+--------+-----+--------+

Top non-repeatable levels by time:
     D:4: 1450 daAuts
     D:5: 1429 daAuts
     D:7: 1226 daAuts
     D:1: 1201 daAuts
     D:2: 1182 daAuts
     D:6: 1160 daAuts
     D:3: 1055 daAuts
     D:8: 107 daAuts
  Temple: 1 daAuts
